TOP OF THE 1ST |
Culver City Extras batting - Pitching for Balzac Rams : RHP John Wells
|
Pitching: RHP John Wells
|
|
Batting: RHB Cooper Richard
|
0-0: Foul Ball, location: 2F 0-1: Ground out 6-3 (Groundball, 6)
|
Batting: LHB Randy Wiggins
|
0-0: Called Strike 0-1: Swinging Strike 0-2: Ball 1-2: Ball 2-2: Ball 3-2: Base on Balls
|
Batting: SHB Juan Carlos Mesa
|
0-0: Called Strike Randy Wiggins steals 2nd base 0-1: Ball 1-1: Ball 2-1: Fly out, F1 (Line Drive, 13)
|
Batting: RHB Bob Magee
|
0-0: Called Strike 0-1: Swinging Strike 0-2: Foul Ball, location: 2F 0-2: Ball 1-2: Ball 2-2: Foul Ball, location: 2F 2-2: Fly out, F7 (Flyball, 7D)
|
Top of the 1st over - 0 run(s), 0 hit(s), 0 error(s), 1 left on base; Culver City 0 - Balzac 0 |
BOTTOM OF THE 1ST |
Balzac Rams batting - Pitching for Culver City Extras : RHP Luis Vargas
|
Pitching: RHP Luis Vargas
|
|
Batting: SHB Emílio Calvillo
|
0-0: Called Strike 0-1: Called Strike 0-2: Strikes out swinging
|
Batting: LHB Troy Jackson
|
0-0: Ball 1-0: Fly out, F7 (Flyball, 7LS)
|
Batting: RHB Gunner Allen
|
0-0: Ball 1-0: Swinging Strike 1-1: Foul Ball, location: 2F 1-2: Strikes out looking
|
Bottom of the 1st over - 0 run(s), 0 hit(s), 0 error(s), 0 left on base; Culver City 0 - Balzac 0 |
TOP OF THE 2ND |
Culver City Extras batting - Pitching for Balzac Rams : RHP John Wells
|
Batting: RHB Artie Pennington
|
0-0: Ball 1-0: Called Strike 1-1: Swinging Strike 1-2: Strikes out looking
|
Batting: LHB Richard Bell
|
0-0: Ball 1-0: Foul Ball, location: 2F 1-1: Foul Ball, location: 2F 1-2: Ball 2-2: Foul Ball, location: 2F 2-2: Foul Ball, location: 2F 2-2: Ball 3-2: Base on Balls
|
Batting: RHB Ramón Molina
|
0-0: SINGLE (Flyball, 8RS) Richard Bell to second
|
Batting: LHB Buddy Rice
|
0-0: Called Strike 0-1: Swinging Strike 0-2: Ball 1-2: Fly out, F7 (Flyball, 78M)
|
Batting: RHB Shawn Gutiérrez
|
0-0: Ball 1-0: Foul Ball, location: 2F 1-1: Foul Ball, location: 2F 1-2: Foul Ball, location: 2F 1-2: Ball 2-2: Ball 3-2: Strikes out looking
|
Top of the 2nd over - 0 run(s), 1 hit(s), 0 error(s), 2 left on base; Culver City 0 - Balzac 0 |
BOTTOM OF THE 2ND |
Balzac Rams batting - Pitching for Culver City Extras : RHP Luis Vargas
|
Batting: RHB Tommy Wilson
|
0-0: Called Strike 0-1: Ball 1-1: Swinging Strike 1-2: Ball 2-2: Foul Ball, location: 2F 2-2: Ground out 6-3 (Groundball, 6)
|
Batting: RHB Santiago Rivera
|
0-0: Called Strike 0-1: Fly out, F6 (Line Drive, 6M)
|
Batting: LHB Rodney Harrison
|
0-0: Ball 1-0: Ball 2-0: Foul Ball, location: 2F 2-1: Foul Ball, location: 2F 2-2: Ball 3-2: Strikes out swinging
|
Bottom of the 2nd over - 0 run(s), 0 hit(s), 0 error(s), 0 left on base; Culver City 0 - Balzac 0 |
TOP OF THE 3RD |
Culver City Extras batting - Pitching for Balzac Rams : RHP John Wells
|
Batting: RHB Cooper Richard
|
0-0: Swinging Strike 0-1: Ground out 6-3 (Groundball, 6)
|
Batting: LHB Randy Wiggins
|
0-0: Foul Ball, location: 2F 0-1: Called Strike 0-2: Ball 1-2: SINGLE (Groundball, 4M) (infield hit)
|
Batting: SHB Juan Carlos Mesa
|
0-0: Ball 1-0: Ball 2-0: Swinging Strike 2-1: Foul Ball, location: 2F 2-2: Strikes out swinging
|
Batting: RHB Bob Magee
|
0-0: Ball 1-0: Ball 2-0: Ball 3-0: Called Strike 3-1: Foul Ball, location: 2F Balk! Randy Wiggins to second 3-2: Fly out, F9 (Flyball, 9S)
|
Top of the 3rd over - 0 run(s), 1 hit(s), 0 error(s), 1 left on base; Culver City 0 - Balzac 0 |
BOTTOM OF THE 3RD |
Balzac Rams batting - Pitching for Culver City Extras : RHP Luis Vargas
|
Batting: RHB Bill Pike
|
0-0: Called Strike 0-1: Ball 1-1: Ball 2-1: Ball 3-1: Called Strike 3-2: Single, Error in OF, E8, batter to second base
|
Batting: RHB Jason Ward
|
0-0: Swinging Strike 0-1: Called Strike 0-2: Foul Ball, location: 2F 0-2: Ball 1-2: SINGLE (Flyball, 34D) Bill Pike to third Runner from 3rd tries for Home, SAFE, no throw
|
Batting: RHB Ricardo Muñóz
|
0-0: Called Strike 0-1: Reached on error, E6 (Groundball, 6) Jason Ward to second
|
Batting: SHB Emílio Calvillo
|
0-0: Foul Ball, location: 2F 0-1: Fly out, F7 (Flyball, 7)
|
Batting: LHB Troy Jackson
|
0-0: Ball 1-0: Foul Ball, location: 2F 1-1: Ball 2-1: Ball 3-1: Swinging Strike 3-2: Strikes out looking Throwing error on steal attempt, E2 Jason Ward scores Ricardo Muñóz to third
|
Batting: RHB Gunner Allen
|
0-0: Called Strike 0-1: SINGLE (Line Drive, 8LS) Ricardo Muñóz scores
|
Batting: RHB Tommy Wilson
|
0-0: Ball 1-0: Ball 2-0: Foul Ball, location: 2F 2-1: Foul Ball, location: 2F 2-2: Foul Ball, location: 2F 2-2: Foul Ball, location: 2F 2-2: Ball 3-2: SINGLE (Flyball, 8LS) Gunner Allen to second Gunner Allen to third
|
Batting: RHB Santiago Rivera
|
0-0: Foul Ball, location: 2F 0-1: Called Strike 0-2: Ball 1-2: Ball 2-2: Strikes out swinging
|
Bottom of the 3rd over - 3 run(s), 4 hit(s), 3 error(s), 2 left on base; Culver City 0 - Balzac 3 |
TOP OF THE 4TH |
Culver City Extras batting - Pitching for Balzac Rams : RHP John Wells
|
Batting: RHB Artie Pennington
|
0-0: Ball 1-0: Foul Ball, location: 2F 1-1: Swinging Strike 1-2: Ground out 4-3 (Groundball, 4S)
|
Batting: LHB Richard Bell
|
0-0: Called Strike 0-1: Foul Ball, location: 2F 0-2: Ball 1-2: Strikes out looking
|
Batting: RHB Ramón Molina
|
0-0: Foul Ball, location: 2F 0-1: Ball 1-1: Called Strike 1-2: Ball 2-2: Foul Ball, location: 2F 2-2: Ball 3-2: Ground out 4-3 (Groundball, 4)
|
Top of the 4th over - 0 run(s), 0 hit(s), 0 error(s), 0 left on base; Culver City 0 - Balzac 3 |
BOTTOM OF THE 4TH |
Balzac Rams batting - Pitching for Culver City Extras : RHP Luis Vargas
|
Batting: LHB Rodney Harrison
|
0-0: Called Strike 0-1: Swinging Strike 0-2: Ball 1-2: SINGLE (Groundball, 34) (infield hit)
|
Batting: RHB Bill Pike
|
0-0: Ball 1-0: Foul Ball, location: 2F 1-1: Called Strike 1-2: Ball 2-2: Ball 3-2: Strikes out looking Throwing error on steal attempt, E2 Rodney Harrison to third
|
Batting: RHB Jason Ward
|
0-0: Called Strike 0-1: Ball 1-1: Swinging Strike 1-2: Strikes out swinging
|
Batting: RHB Ricardo Muñóz
|
0-0: SINGLE (Line Drive, 7LM) Rodney Harrison scores
|
Batting: SHB Emílio Calvillo
|
0-0: Called Strike Ricardo Muñóz steals 2nd base 0-1: Ball 1-1: Ball 2-1: Foul Ball, location: 2F 2-2: Ground out 6-3 (Groundball, 6)
|
Bottom of the 4th over - 1 run(s), 2 hit(s), 1 error(s), 1 left on base; Culver City 0 - Balzac 4 |
TOP OF THE 5TH |
Culver City Extras batting - Pitching for Balzac Rams : RHP John Wells
|
Batting: LHB Buddy Rice
|
0-0: Ball 1-0: Ball 2-0: Ground out U3 (Groundball, 3)
|
Batting: RHB Shawn Gutiérrez
|
0-0: Foul Ball, location: 2F 0-1: Ball 1-1: Swinging Strike 1-2: SINGLE (Line Drive, 89M)
|
Batting: RHB Cooper Richard
|
0-0: Fly out, F7 (Flyball, 7LS)
|
Batting: LHB Randy Wiggins
|
0-0: Called Strike 0-1: Ground out 6-3 (Groundball, 6M)
|
Top of the 5th over - 0 run(s), 1 hit(s), 0 error(s), 1 left on base; Culver City 0 - Balzac 4 |
BOTTOM OF THE 5TH |
Balzac Rams batting - Pitching for Culver City Extras : RHP Luis Vargas
|
Batting: LHB Troy Jackson
|
0-0: Called Strike 0-1: Swinging Strike 0-2: Ball 1-2: Ball 2-2: Ground out 4-3 (Groundball, 4)
|
Batting: RHB Gunner Allen
|
0-0: Swinging Strike 0-1: Ball 1-1: Ball 2-1: Swinging Strike 2-2: Foul Ball, location: 2F 2-2: Strikes out swinging
|
Batting: RHB Tommy Wilson
|
0-0: Ball 1-0: Called Strike 1-1: Swinging Strike 1-2: Ground out 6-3 (Groundball, 6)
|
Bottom of the 5th over - 0 run(s), 0 hit(s), 0 error(s), 0 left on base; Culver City 0 - Balzac 4 |
TOP OF THE 6TH |
Culver City Extras batting - Pitching for Balzac Rams : RHP John Wells
|
Batting: SHB Juan Carlos Mesa
|
0-0: Swinging Strike 0-1: Called Strike 0-2: Foul Ball, location: 2F 0-2: Ball 1-2: Ball 2-2: Strikes out swinging
|
Batting: RHB Bob Magee
|
0-0: Called Strike 0-1: Ball 1-1: Swinging Strike 1-2: Ball 2-2: Foul Ball, location: 2F 2-2: Foul Ball, location: 2F 2-2: Strikes out looking
|
Batting: RHB Artie Pennington
|
0-0: Ball 1-0: Called Strike 1-1: Called Strike 1-2: Ball 2-2: Strikes out swinging
|
Top of the 6th over - 0 run(s), 0 hit(s), 0 error(s), 0 left on base; Culver City 0 - Balzac 4 |
TOP OF THE 7TH |
Culver City Extras batting - Pitching for Balzac Rams : RHP John Wells
|
Pitching: LHP Martin Balsano
|
|
Batting: LHB Richard Bell
|
0-0: Called Strike 0-1: Foul Ball, location: 2F 0-2: Foul Ball, location: 2F 0-2: Foul Ball, location: 2F 0-2: Strikes out swinging
|
Batting: RHB Ramón Molina
|
0-0: Called Strike 0-1: Ball 1-1: Ball 2-1: Ball 3-1: Foul Ball, location: 2F 3-2: Base on Balls
|
Batting: LHB Buddy Rice
|
0-0: Ball 1-0: Ball 2-0: Foul Ball, location: 2F 2-1: Fly out, F3 (Popup, 3L)
|
Batting: RHB Shawn Gutiérrez
|
0-0: Ball 1-0: Called Strike 1-1: Swinging Strike Error on foul ball, E9 1-2: Fielders Choice at 2nd, 6-4 (Groundball, 6)
|
Top of the 7th over - 0 run(s), 0 hit(s), 1 error(s), 0 left on base; Culver City 0 - Balzac 5 |
BOTTOM OF THE 7TH |
Balzac Rams batting - Pitching for Culver City Extras : RHP Juan Rojas
|
Batting: LHB Troy Jackson
|
0-0: Called Strike 0-1: Called Strike 0-2: Strikes out swinging
|
Batting: RHB Gunner Allen
|
0-0: Fly out, F8 (Flyball, 8LD)
|
Batting: RHB Tommy Wilson
|
0-0: Called Strike 0-1: Ball 1-1: Called Strike 1-2: Ball 2-2: Strikes out swinging
|
Bottom of the 7th over - 0 run(s), 0 hit(s), 0 error(s), 0 left on base; Culver City 0 - Balzac 5 |
TOP OF THE 8TH |
Culver City Extras batting - Pitching for Balzac Rams : LHP Martin Balsano
|
Batting: RHB Cooper Richard
|
0-0: Called Strike 0-1: Called Strike 0-2: Ball 1-2: SINGLE (Flyball, 89S)
|
Batting: LHB Randy Wiggins
|
0-0: Ball 1-0: Foul Ball, location: 2F 1-1: Ball 2-1: Called Strike 2-2: Fly out, F4 (Popup, 4D)
|
Batting: SHB Juan Carlos Mesa
|
0-0: Foul Ball, location: 2F 0-1: Swinging Strike 0-2: Ball 1-2: Foul Ball, location: 2F 1-2: Ball 2-2: Strikes out swinging
|
Batting: RHB Bob Magee
|
0-0: Ball 1-0: Ball 2-0: Called Strike 2-1: Fly out, F9 (Flyball, 89D)
|
Top of the 8th over - 0 run(s), 1 hit(s), 0 error(s), 1 left on base; Culver City 0 - Balzac 5 |
BOTTOM OF THE 8TH |
Balzac Rams batting - Pitching for Culver City Extras : RHP Juan Rojas
|
Batting: RHB Santiago Rivera
|
0-0: Ball 1-0: Ball 2-0: Ball 3-0: Base on Balls
|
Batting: LHB Rodney Harrison
|
0-0: Called Strike 0-1: Foul Ball, location: 2F 0-2: Ball 1-2: Ball 2-2: Foul Ball, location: 2F 2-2: Ball 3-2: Foul Ball, location: 2F 3-2: Base on Balls Santiago Rivera to second
|
Batting: RHB Bill Pike
|
0-0: Bunted foul 0-1: Bunted foul 0-2: Ball 1-2: Foul Ball, location: 2F 1-2: Ball 2-2: Ball 3-2: Base on Balls Santiago Rivera to third Rodney Harrison to second
|
Batting: RHB Jason Ward
|
0-0: Ball 1-0: Ball 2-0: Ball 3-0: Called Strike 3-1: Called Strike 3-2: Foul Ball, location: 2F 3-2: Foul Ball, location: 2F 3-2: Foul Ball, location: 2F 3-2: Strikes out looking
|
Batting: RHB Ricardo Muñóz
|
0-0: Foul Ball, location: 2F 0-1: Foul Ball, location: 2F 0-2: Ball 1-2: Strikes out swinging
|
Batting: SHB Emílio Calvillo
|
0-0: Called Strike 0-1: Ball 1-1: Foul Ball, location: 2F 1-2: Fly out, F7 (Line Drive, 7)
|
Bottom of the 8th over - 0 run(s), 0 hit(s), 0 error(s), 3 left on base; Culver City 0 - Balzac 5 |
TOP OF THE 9TH |
Culver City Extras batting - Pitching for Balzac Rams : LHP Martin Balsano
|
Batting: RHB Artie Pennington
|
0-0: Ball 1-0: Ball 2-0: Ball 3-0: Called Strike 3-1: Base on Balls
|
Batting: LHB Richard Bell
|
0-0: SINGLE (Flyball, 7S) Artie Pennington to second
|
Batting: RHB Ramón Molina
|
0-0: Ball 1-0: Ball 2-0: Foul Ball, location: 2F 2-1: Foul Ball, location: 2F 2-2: Single, Error in OF, E7, batter to second base Artie Pennington scores Richard Bell to third
|
Pitching: LHP Nick Johnson
|
|
Batting: LHB Buddy Rice
|
0-0: Ball 1-0: Called Strike 1-1: Swinging Strike 1-2: Strikes out swinging
|
Batting: RHB Shawn Gutiérrez
|
0-0: Ball 1-0: Ball 2-0: Called Strike 2-1: Fly out, F6 (Popup, 56D)
|
Batting: RHB Cooper Richard
|
0-0: Ball 1-0: Swinging Strike 1-1: Foul Ball, location: 2F 1-2: SINGLE (Line Drive, 89M) Richard Bell scores Ramón Molina to third Runner from 3rd tries for Home, SAFE, no throw
|
Pinch Hitting: RHB Max Alexander
|
0-0: Ball 1-0: Called Strike 1-1: Ball 2-1: Ball 3-1: Foul Ball, location: 2F 3-2: 2-RUN HOME RUN (Flyball, 78XD), Distance : 418 ft
|
Batting: SHB Juan Carlos Mesa
|
0-0: Foul Ball, location: 2F 0-1: Ball 1-1: Ball 2-1: Called Strike 2-2: Strikes out swinging
|
Top of the 9th over - 5 run(s), 4 hit(s), 1 error(s), 0 left on base; Culver City 5 - Balzac 5 |
BOTTOM OF THE 9TH |
Balzac Rams batting - Pitching for Culver City Extras : RHP Juan Rojas
|
Pitching: LHP Orlando Morales
|
|
Now in CF: Jorge Martínez
|
|
Pinch Hitting: RHB Félix Quintero
|
0-0: Ball 1-0: Ball 2-0: Called Strike 2-1: Ground out 6-3 (Groundball, 6)
|
Pitching: LHP Henry Brown
|
|
Batting: RHB Gunner Allen
|
0-0: Called Strike 0-1: Ball 1-1: Ball 2-1: Ground out 5-3 (Groundball, 5)
|
Batting: RHB Tommy Wilson
|
0-0: Ball 1-0: Ball 2-0: Ball 3-0: Called Strike 3-1: Base on Balls
|
Batting: RHB Santiago Rivera
|
0-0: Ball 1-0: SINGLE (Line Drive, 7LM) Tommy Wilson to second
|
Pinch Hitting: RHB Ken Longoria
|
0-0: Called Strike 0-1: Ball 1-1: Ball 2-1: Ball 3-1: Fly out, F2 (Popup, 3S)
|
Bottom of the 9th over - 0 run(s), 1 hit(s), 0 error(s), 2 left on base; Culver City 5 - Balzac 5 |
TOP OF THE 10TH |
Culver City Extras batting - Pitching for Balzac Rams : LHP Nick Johnson
|
Now at 1B: Ken Longoria
|
|
Now at 3B: Brian Parks
|
|
Pinch Hitting: RHB Tony Cruz
|
0-0: Called Strike 0-1: Ball 1-1: Ball 2-1: Swinging Strike 2-2: Strikes out swinging
|
Pinch Hitting: RHB Augusto Trevino
|
0-0: Ball 1-0: Called Strike 1-1: Foul Ball, location: 2F 1-2: Foul Ball, location: 2F 1-2: Ball 2-2: Foul Ball, location: 2F 2-2: SINGLE (Line Drive, 89S)
|
Pinch Hitting: RHB Ben Alexander
|
0-0: Swinging Strike 0-1: Ground out U3 (Groundball, 34) Augusto Trevino to second
|
Batting: RHB Ramón Molina
|
0-0: Ball 1-0: Ball 2-0: Called Strike 2-1: Ball 3-1: Foul Ball, location: 2F 3-2: Base on Balls
|
Pinch Hitting: RHB Jesús Lara
|
0-0: Foul Ball, location: 2F 0-1: Ball 1-1: Ball Passed Ball! Augusto Trevino to third Ramón Molina to second 2-1: Ground out 4-3 (Groundball, 4)
|
Top of the 10th over - 0 run(s), 1 hit(s), 0 error(s), 2 left on base; Culver City 5 - Balzac 5 |
|